 Dungeon Crawl Stone Soup version 0.30-b1-2-g02819fbbbe (webtiles) character file.

Game seed: 6044854778927201760

62302 sanka the Warrior (level 15, 0/121 HPs)
             Began as a Djinni Conjurer on May 21, 2023.
             Was a High Priest of Makhleb.
             Slain by a Tzitzimitl (18 damage)
             ... called by a doom hound
             ... on level 15 of the Dungeon.
             The game lasted 00:58:54 (16563 turns).

sanka the Warrior (Djinni Conjurer)                Turns: 16563, Time: 00:58:55

Health: 0/121      AC: 14    Str:  6    XL:     15   Next: 45%
Gold:   1015       EV: 15    Int: 36    God:    Makhleb [*****.] SH:  5 Dex: 15

rFire   + + .        y - staff of death
rCold   . . .        C - +0 buckler
rNeg    + . .        Y - +4 troll leather armour
rPois   ∞            W - +2 hat
rElec   .            O - +2 cloak of Indemnity {rPois Int+3 Dex+3}
rCorr   .            X - +0 pair of gloves
SInv    .            (boots unavailable)
Will    +....        g - amulet of regeneration
Stlth   ++           r - ring of protection from cold
HPRegen 2.00/turn    P - +6 ring of intelligence
MPRegen 0.00/turn

%: infuse magic (-1 HP)
@: about to teleport, flying, slowed, very slow
A: sickness immunity, fire resistance 2, cold vulnerability 1, float, innate
caster, HP casting, extra vitality 1
a: Renounce Religion, Minor Destruction, Lesser Servant of Makhleb, Major
Destruction, Greater Servant of Makhleb


You were on level 15 of the Dungeon.
You worshipped Makhleb.
Makhleb was extremely pleased with you.
You visited 3 branches of the dungeon, and saw 18 of its levels.

You collected 2007 gold pieces.
You spent 992 gold pieces at shops.

Inventory:

Missiles
 j - 2 throwing nets {=f}
 M - 15 curare-tipped darts {=f}
Armour
 C - a +0 buckler (worn)
 O - the +2 cloak of Indemnity (worn) {rPois Int+3 Dex+3}
   (You acquired it on level 13 of the Dungeon)

   Int:       It affects your intelligence (+3).
   Dex:       It affects your dexterity (+3).
   rPois:     It protects you from poison.
 W - a +2 hat (worn)
 X - a +0 pair of gloves (worn)
 Y - a +4 troll leather armour (worn)
Magical Staves
 y - a staff of death (weapon)
Jewellery
 a - a ring of ice
 d - a ring of resist corrosion
 g - an amulet of regeneration (around neck)
 o - a +4 ring of slaying
 q - a ring of positive energy
 r - a ring of protection from cold (left hand)
 x - a ring of fire
 P - a +6 ring of intelligence (right hand)
 T - a ring of positive energy
Wands
 k - a wand of iceblast (2)
 G - a wand of light (7)
 I - a wand of flame (23)
 K - a wand of mindburst (7)
 Q - a wand of digging (7)
 S - a wand of charming (4)
Scrolls
 b - 11 scrolls of teleportation {@r4}
 e - 5 scrolls of enchant weapon
 f - a scroll of brand weapon
 h - 4 scrolls of vulnerability {!r}
 l - 8 scrolls of fear
 p - 6 scrolls of magic mapping
 s - a scroll of fog
 t - a scroll of noise {!r}
 v - a scroll of torment {!r}
 A - 3 scrolls of blinking
 D - a scroll of butterflies
 N - a scroll of immolation {!r}
 R - a scroll of identify {@r1}
 Z - a scroll of enchant armour
Potions
 c - 3 potions of cancellation
 i - 7 potions of curing {@q1}
 m - 2 potions of invisibility {unknown}
 n - 5 potions of heal wounds {@q2}
 u - a potion of haste {unknown}
 w - a potion of resistance {unknown}
 z - 4 potions of mutation {!q}
 B - 3 potions of attraction {unknown}
 E - 3 potions of degeneration {unknown}
 F - 2 potions of lignification {unknown}
 H - 3 potions of magic {unknown}
 J - 2 potions of berserk rage {unknown}
 L - a potion of ambrosia {unknown}
 U - 2 potions of might {unknown}
 V - a potion of brilliance {unknown}


   Skills:
 + Level 16.1 Fighting
 - Level 10.0 Dodging
 - Level 1.5 Stealth
 - Level 5.1 Shields
 + Level 13.7 Spellcasting
 - Level 5.0 Evocations


You knew the following spells:

 Your Spells              Type           Power      Damage    Failure   Level
a - Magic Dart            Conj           100%       1d8       0%          1
b - Searing Ray           Conj           100%       2d8       1%          2
c - Dazzling Flash        Conj/Hex       100%       N/A       1%          3
d - Fulminant Prism       Conj/Hex       44%        3d19      1%          4
e - Iskenderun's Mystic   Conj/Tloc      89%        2d17      1%          4
f - Freeze                Ice            100%       1d10      0%          1
g - Ensorcelled Hibernat  Hex/Ice        100%       N/A       1%          2
h - Vampiric Draining     Necr           100%       2d13      1%          3
i - Summon Guardian Gole  Hex/Summ       89%        N/A       1%          3
j - Passage of Golubria   Tloc           89%        N/A       1%          4
k - Blade Hands           Tmut           44%        N/A       1%          5
l - Plasma Beam           Fire/Air       44%        2x1d64    2%          6
Your spell library was empty.

Dungeon Overview and Level Annotations

Branches:
Dungeon (15/15)            Temple (1/1) D:7            Lair (0/5) D:8
    Orc (0/2) D:12         Vaults (0/5) D:13         Depths (2/4) D:15

Altars:
Ashenzari
Cheibriados
Elyvilon
Fedhas
Gozag
Hepliaklqana
Makhleb
Nemelex Xobeh
Okawaru
Qazlal
Ru
Trog
Uskayaw
Wu Jian
Xom
Yredelemnul
Zin
The Shining One

Shops:
D:1 *   D:9 *   D:12 [   D:13 ?   D:14 (

Portals:
Hell: Depths:1
Pandemonium: Depths:1

Annotations:
D:8 exclusion: downstairs
D:12 exclusion: downstairs
Depths:2 Grunn


Innate Abilities, Weirdness & Mutations

You are immune to sickness and miasma.
You are immune to poison.
Your flesh is very heat resistant. (rF++)
You are vulnerable to cold. (rC-)
You float through the air rather than walking.
You learn spells naturally, not from books.
Your magical power is your life essence.
You have superior vitality. (+4 MHP)


Message History

You feel yourself slow down. You block the Tzitzimitl's attack.
A bone dragon comes into view.
The Tzitzimitl engulfs you but does no damage.
The Tzitzimitl bites you! The bone dragon bites you.
The bone dragon misses you. You block the bone dragon's attack.
The Tzitzimitl engulfs you!
The Tzitzimitl bites you but does no damage.
The bone dragon bites you but does no damage.
The bone dragon claws you but does no damage.
The bone dragon tramples you but does no damage.
A bone dragon comes into view.
There is a staircase back to the Dungeon here.
Unknown command.
Unknown command.
The bone dragon bites you! You block the bone dragon's attack.
The bone dragon barely misses you.
The Tzitzimitl engulfs you but does no damage.
The Tzitzimitl bites you. The bone dragon misses you.
The bone dragon claws you!
* * * LOW HITPOINT WARNING * * *
The bone dragon tramples you but does no damage.
You fly upwards.
Welcome back to the Dungeon!
The infernal howling subsides.
A putrid mouth comes into view.
There is a staircase to the Depths here.
Unknown command.
What are your orders? t - Shout!
Orders for allies: a - Attack new target. r - Retreat! s - Stop attacking. g - Guard the area. f - Follow me.
Anything else - Cancel.
Okay, then.
As you read the scroll of teleportation {@r4}, it crumbles to dust.
You feel strangely unstable. The bone dragon bites you!
* * * LOW HITPOINT WARNING * * *
The bone dragon claws you!
* * * LOW HITPOINT WARNING * * *
The bone dragon barely misses you. The Tzitzimitl engulfs you!!
You die...

................................#
................................#
.......<.........................
............)8..8................
##########..........P..########..
# #8=.......8.^.# #.. #
#....).[.8..8.# #.. #
##...8..D......## #..
#########.......@1W8....#######..
..........8....[.D..............[
.#####.###............P##.#####..
.# #.# #P.....8......##.# #.. .#
#.# #...........P8##.# #.. .# #.#
##..P........###.# #.. .# #.#
##.P....8.P## #.# #.. .# #.#
##.##.##.## #.# #.. .#########
####################..


You could see 2 bone dragons, a Tzitzimitl and a putrid mouth.

Vanquished Creatures
  Rupert (D:12)
  2 tengu reavers (Depths:1)
  A shadow dragon (D:15)
  2 frost giants (D:15)
  Nessos (D:13)
  2 stone giants (Depths:1)
  An ettin (D:15)
  Josephine (D:10)
  A merfolk impaler (Depths:1)
  A merfolk javelineer (Depths:1)
  A fire dragon (Depths:1)
  An ice dragon (D:15)
  3 hydras
  Fannar (D:10)
  A rakshasa (Depths:2)
  A catoblepas (D:13)
  4 two-headed ogres
  2 deep troll shamans (Depths:1)
  2 tengu warriors
  2 deep troll earth magi
  3 boulder beetles (D:12)
  6 centaur warriors
  Urug (D:13)
  3 iron trolls
  6 skeletal warriors
  A spark wasp zombie (D:15)
  A flayed ghost (D:15)
  8 deep trolls
  An orc knight (D:15)
  2 glowing orange brains (Depths:1)
  A wizard (D:14)
  A harpy (shapeshifter) (D:13)
  A necromancer (D:15)
  A frost giant zombie (D:15)
  3 cyclopes
  3 ugly things (D:14)
  6 manticores
  A stone giant zombie (D:15)
  A stone giant skeleton (D:15)
  3 gargoyles
  Maggie (D:6)
  An unseen horror (D:12)
  3 kobold demonologists
  A tormentor (Depths:1)
  A guardian mummy (D:15)
  A tengu conjurer (D:15)
  3 trolls
  2 hornets (D:10)
  Sigmund (D:2)
  8 yaks (D:10)
  8 slime creatures
  3 water elementals
  3 wraiths (D:10)
  A basilisk (D:13)
  A steam dragon (D:8)
  Eustachio (D:5)
  14 humans (D:13)
  5 vampire mosquitoes
  A warg (D:15)
  Edmund (D:4)
  A water moccasin (D:6)
  3 acid dragons
  Duvessa (D:5)
  A hornet zombie (D:6)
  10 orc warriors
  A sky beast (D:7)
  A black bear (D:5)
  18 centaurs
  3 ogres
  2 phantoms
  2 bullfrogs
  3 kobold brigands
  A gnoll sergeant (D:7)
  2 scorpions
  10 wights (D:8)
  Dowan (D:5)
  5 killer bees (D:9)
  2 howler monkeys (D:11)
  5 spriggan skeletons (D:12)
  A troll skeleton (D:12)
  A bullfrog zombie (D:6)
  3 jellies
  4 hounds
  A gnoll bouda (D:5)
  8 orc priests
  5 iguanas
  11 orc wizards
  Robin (D:4)
  11 gnolls
  6 adders
  A white imp (D:5)
  An adder zombie (D:3)
  2 adder skeletons (D:3)
  2 worms
  3 dart slugs
  43 orcs
  7 ball pythons
  6 bats
  5 endoplasms
  2 giant cockroaches (D:2)
  11 goblins
  13 hobgoblins
  3 jackals (D:5)
  33 kobolds
  6 quokkas
  2 frilled lizards
  5 rats
413 creatures vanquished.

Vanquished Creatures (others)
  2 humans (D:13)
  78 fulminant prisms
  5 fungi (D:8)
  5 plants (D:8)
  10 withered plants
100 creatures vanquished.

Grand Total: 513 creatures vanquished

Notes
Turn   | Place    | Note
-------+----------+-------------------------------------------
     0 | D:1      | sanka the Djinni Conjurer began the quest for the Orb.
     0 | D:1      | sanka set off with the following spells memorised: Magic
                  | Dart, Searing Ray, Dazzling Flash, Fulminant Prism,
                  | Iskenderun's Mystic Blast.
     0 | D:1      | Reached XP level 1. HP: 15/15 MP: 0/0
   173 | D:1      | Found Saenn's Assorted Antiques.
   217 | D:1      | Reached XP level 2. HP: 17/21 MP: 0/0
   298 | D:1      | Found a faded altar of an unknown god.
   564 | D:1      | Reached XP level 3. HP: 18/26 MP: 0/0
   564 | D:1      | Learned a level 1 spell: Freeze
   850 | D:2      | Reached skill level 1 in Fighting
   966 | D:2      | Reached XP level 4. HP: 32/32 MP: 0/0
  1121 | D:2      | Noticed Sigmund
  1127 | D:2      | Killed Sigmund
  1128 | D:2      | Reached skill level 3 in Fighting
  1128 | D:2      | Reached XP level 5. HP: 30/40 MP: 0/0
  1128 | D:2      | Learned a level 2 spell: Ensorcelled Hibernation
  1128 | D:2      | Reached XP level 6. HP: 35/46 MP: 0/0
  1847 | D:3      | Found an opulent altar of Gozag.
  2083 | D:3      | Found a blossoming altar of Fedhas.
  2213 | D:4      | Noticed Edmund
  2215 | D:4      | Reached skill level 4 in Fighting
  2215 | D:4      | Reached skill level 5 in Spellcasting
  2215 | D:4      | Reached XP level 7. HP: 7/52 MP: 0/0
  2215 | D:4      | Learned a level 3 spell: Vampiric Draining
  2390 | D:4      | Killed Edmund
  2439 | D:4      | Found a bloodstained altar of Trog.
  2568 | D:4      | HP: 2/53 [gnoll/+0 spear (10)]
  2678 | D:4      | Found a sacrificial altar of Ru.
  2743 | D:4      | Reached skill level 5 in Fighting
  2831 | D:4      | Found a blossoming altar of Fedhas.
  2888 | D:4      | Noticed Robin
  2931 | D:4      | Killed Robin
  3197 | D:4      | Found a hide-covered altar of Uskayaw.
  3258 | D:5      | Entered Level 5 of the Dungeon
  3314 | D:5      | Reached XP level 8. HP: 59/60 MP: 0/0
  3395 | D:5      | Noticed Dowan
  3419 | D:5      | Noticed Duvessa
  3452 | D:5      | Killed Dowan
  3457 | D:5      | Killed Duvessa
  3458 | D:5      | Reached skill level 6 in Fighting
  3797 | D:5      | Noticed Eustachio
  3806 | D:5      | Killed Eustachio
  4040 | D:6      | Reached skill level 7 in Fighting
  4040 | D:6      | Reached XP level 9. HP: 67/68 MP: 0/0
  4040 | D:6      | Learned a level 3 spell: Summon Guardian Golem
  4302 | D:6      | Noticed Maggie
  4320 | D:6      | Killed Maggie
  4321 | D:6      | Reached skill level 8 in Fighting
  4790 | D:6      | Found a basalt altar of Yredelemnul.
  5764 | D:7      | Reached skill level 9 in Fighting
  5764 | D:7      | Reached XP level 10. HP: 78/78 MP: 0/0
  5778 | D:7      | Found a staircase to the Ecumenical Temple.
  5792 | Temple   | Entered the Ecumenical Temple
  5851 | Temple   | Became a worshipper of Makhleb the Destroyer
  6208 | D:7      | Reached skill level 5 in Dodging
  6535 | D:8      | Noticed a two-headed ogre
  6749 | D:8      | Found a staircase to the Lair.
  6783 | D:8      | Reached * piety under Makhleb
  7060 | D:8      | Killed a two-headed ogre
  7427 | D:9      | Found a broken altar of Ashenzari.
  7461 | D:9      | Noticed a kobold demonologist
  7469 | D:9      | Killed a kobold demonologist
  7484 | D:9      | Noticed a two-headed ogre
  7494 | D:9      | Killed a two-headed ogre
  7495 | D:9      | Reached skill level 10 in Fighting
  7495 | D:9      | Reached XP level 11. HP: 75/85 MP: 0/0
  7495 | D:9      | Learned a level 4 spell: Passage of Golubria
  7512 | D:9      | Reached ** piety under Makhleb
  7606 | D:9      | Found a white marble altar of Elyvilon.
  7937 | D:9      | Found a stormy altar of Qazlal.
  8213 | D:9      | Found Lopu's Elemental Accessories.
  8256 | D:10     | Entered Level 10 of the Dungeon
  8278 | D:10     | Noticed Josephine
  8286 | D:10     | Killed Josephine
  8310 | D:10     | Reached skill level 11 in Fighting
  8444 | D:10     | Noticed Fannar
  8463 | D:10     | Killed Fannar
  8574 | D:10     | Reached *** piety under Makhleb
  9182 | D:10     | Found an ornate altar of the Wu Jian Council.
  9351 | D:11     | Noticed a manticore
  9363 | D:11     | Killed a manticore
  9364 | D:11     | Reached XP level 12. HP: 57/95 MP: 0/0
  9441 | D:11     | Reached skill level 10 in Spellcasting
 10124 | D:11     | Found a broken altar of Ashenzari.
 10291 | D:12     | Reached skill level 12 in Fighting
 10442 | D:12     | Noticed a boulder beetle
 10442 | D:12     | Noticed a boulder beetle
 10471 | D:12     | Killed a boulder beetle
 10474 | D:12     | Killed a boulder beetle
 10539 | D:12     | Noticed a two-headed ogre
 10540 | D:12     | Found a staircase to the Orcish Mines.
 10540 | D:12     | Found Ygoecu Qeho's Armour Emporium.
 10559 | D:12     | Killed a two-headed ogre
 10675 | D:12     | Noticed a boulder beetle
 10685 | D:12     | Reached skill level 13 in Fighting
 10691 | D:12     | Killed a boulder beetle
 11074 | D:13     | Noticed Nessos
 11074 | D:13     | Noticed Urug
 11074 | D:13     | Noticed Rupert
 11074 | D:13     | Noticed a centaur warrior
 11074 | D:13     | Found a gate to the Vaults.
 11081 | D:12     | Killed Rupert
 11145 | D:13     | Noticed a catoblepas
 11160 | D:13     | Killed a catoblepas
 11161 | D:13     | Reached XP level 13. HP: 96/103 MP: 0/0
 11161 | D:13     | Learned a level 5 spell: Blade Hands
 11258 | D:13     | Reached skill level 14 in Fighting
 11393 | D:13     | Killed Nessos
 11427 | D:13     | Reached **** piety under Makhleb
 11468 | D:13     | Killed a centaur warrior
 11486 | D:13     | Killed Urug
 11609 | D:13     | Noticed a centaur warrior
 11621 | D:13     | Killed a centaur warrior
 11788 | D:13     | Noticed a centaur warrior
 11802 | D:13     | Killed a centaur warrior
 11927 | D:13     | Reached skill level 1 in Shields
 12132 | D:13     | Found Zowkotos's Magic Scroll Emporium.
 12559 | D:14     | Found Niaceb's Antique Weapon Shop.
 12566 | D:14     | Reached skill level 1 in Evocations
 12759 | D:14     | Noticed a four-headed hydra
 12773 | D:14     | Killed a four-headed hydra
 12801 | D:14     | Noticed a centaur warrior
 12804 | D:14     | Killed a centaur warrior
 12805 | D:14     | Reached skill level 15 in Fighting
 12808 | D:14     | Reached XP level 14. HP: 102/114 MP: 0/0
 12826 | D:14     | Identified a scroll of acquirement
 13140 | D:14     | Acquired 1064 gold pieces
 13224 | D:13     | Bought a scroll of acquirement for 832 gold pieces
 13224 | D:13     | Bought a scroll of teleportation for 48 gold pieces
 13224 | D:13     | Acquired the +2 cloak of Indemnity {rPois Int+3 Dex+3}
 13509 | D:1      | Bought a scroll of identify for 56 gold pieces
 13509 | D:1      | Bought a scroll of identify for 56 gold pieces
 13772 | D:15     | Entered Level 15 of the Dungeon
 14367 | D:15     | Reached ***** piety under Makhleb
 14427 | D:15     | Found a staircase to the Depths.
 14678 | Depths:1 | Entered Level 1 of the Depths
 14684 | Depths:1 | Found a sparkling altar of Nemelex Xobeh.
 14694 | Depths:1 | Found a one-way gate leading to the halls of Pandemonium.
 14715 | Depths:1 | Noticed a shadow dragon
 14717 | Depths:1 | Noticed a frost giant
 14743 | D:15     | Killed a frost giant
 14810 | D:15     | Reached skill level 5 in Shields
 14846 | Depths:1 | Noticed a frost giant
 14880 | D:15     | Killed a shadow dragon
 14881 | D:15     | Reached skill level 5 in Evocations
 14925 | D:15     | Killed a frost giant
 14926 | D:15     | Reached skill level 10 in Dodging
 15304 | D:15     | Reached XP level 15. HP: 37/120 MP: 0/0
 15304 | D:15     | Learned a level 6 spell: Plasma Beam
 15475 | Depths:1 | Noticed a stone giant
 15583 | Depths:1 | Killed a stone giant
 15703 | Depths:1 | Identified the +6 dagger of Cirial {flame, rF+ Str+3 Dex+3}
 15721 | Depths:1 | Noticed a tengu reaver
 15739 | Depths:1 | Noticed a stone giant
 15789 | Depths:1 | Killed a tengu reaver
 15789 | Depths:1 | Killed a stone giant
 16028 | Depths:1 | Noticed a tengu reaver
 16030 | Depths:1 | Killed a tengu reaver
 16272 | Depths:1 | Found a gateway to Hell.
 16354 | Depths:1 | Reached skill level 16 in Fighting
 16542 | Depths:2 | Noticed a doom hound
 16542 | Depths:2 | Noticed a doom hound
 16544 | Depths:2 | Noticed a doom hound
 16545 | Depths:2 | Noticed a juggernaut
 16547 | Depths:2 | Noticed Grunn
 16553 | Depths:1 | Noticed a reaper
 16557 | Depths:1 | Noticed a Tzitzimitl
 16559 | Depths:1 | Noticed a bone dragon
 16561 | Depths:1 | Noticed a bone dragon
 16563 | D:15     | Slain by a Tzitzimitl

Illustrated notes

Levels and vault maps discovered:
D:1:      dpeg_arrival_concentric_ovals, layout_loops_cross,
          basic_ecumenical_altar, serial_shops, shop
D:2:      layout_loops_ring, kennysheep_generic_room_4, uniq_sigmund
D:3:      layout_basic, grunt_gozag_statues, fedhas_altar_fruit_tree,
          serial_undead, serial_undead_c, serial_undead_f, serial_undead_a,
          serial_undead_b, serial_undead_a
D:4:      layout_loops_cross, lemuel_doored_altar, minitemple,
          nicolae_ru_awakened_eye, minmay_ruined_shrine, uniq_edmund, uniq_robin
D:5:      layout_loops_cross, chequers_serial_rivers_marsh, uniq_eustachio,
          uniq_duvessa
D:6:      layout_layer_cave, lemuel_zombie_altar_yredelemnul, uniq_maggie
D:7:      layout_loops_corners, fiery_altar_vehumet,
          minmay_temple_entry_overgrown, st_stairs_8
D:8:      layout_loops_cross, dpeg_oklobed_lair, nicolae_fountain_basement
D:9:      layout_rooms, elyvilon_altar_1, mainiacjoe_overflow_tiny_flanked,
          general_overflow_altar, nicolae_elemental_shop, st_stairs_8
D:10:     layout_basic, pdpol_wu_jian_five_deadly_venoms, uniq_fannar,
          uniq_josephine
D:11:     layout_irregular_city, serial_rivers, chequers_serial_rivers_small_3,
          chequers_serial_rivers_small_b, chequers_serial_rivers_micro_d,
          chequers_serial_rivers_micro_e, chequers_serial_rivers_micro_c,
          nicolae_ashenzari_skybound
D:12:     layout_roguey, orc_david_3, hangedman_tell_no_tales
D:13:     layout_long_grid, david_vaults_3, serial_shops,
          nicolae_shop_real_fake_doors
D:14:     layout_roguey, serial_shops,
          nicolae_shop_temple_entry_statues_fountains, minmay_misc_feat_doors,
          minivault_21, minmay_unpleasant_kobolds
D:15:     gammafunk_depths_entry_grave, layout_small_grid,
          hangedman_decor_diamond_cutter
Temple:   eino_wide_crystal_templ
Depths:1: layout_cave_pools, pan_entry, pf_vacation_house_of_asmodeus,
          kennysheep_decorative_pillar, nemelex_diamond_rough_becter
Depths:2: hangedman_arch_fort, layout_cave_pools, grunt_pan_entry_spiral,
          serial_sigils, serial_sigils_hangedman_quiver,
          serial_sigils_hangedman_shear, serial_sigils_hangedman_confine,
          serial_sigils_hangedman_etch, serial_sigils_hangedman_clutch,
          hangedman_coc_ice_floe, nicolae_specific_store, nrook_mini_backslash,
          uniq_grunn

Skill      XL: |  1  2  3  4  5  6  7  8  9 10 11 12 13 14 15 |
---------------+----------------------------------------------+-----
Fighting       | 1 3 4 5 7 9 10 11 13 15 16 | 16.1
Spellcasting   | 4 5 6 7 8 9 11 12 13 | 13.7
Dodging        | 8 10 | 10.0
Shields        | 2 5 |  5.1
Evocations     | 2 5 |  5.0
Stealth        | |  1.5

Action                     |  1- 3 |  4- 6 |  7- 9 | 10-12 | 13-15 || total
---------------------------+-------+-------+-------+-------+-------++-------
  Melee: Unarmed           |       |     2 |       |       |       ||     2
         Dire flail        |       |       |    53 |    39 |     4 ||    96
         Staff             |       |       |       |       |     1 ||     1
  Throw: Dart              |       |       |       |     3 |       ||     3
   Cast: Magic Dart        |    59 |    78 |    34 |       |       ||   171
         Searing Ray       |     1 |     6 |     2 |       |       ||     9
         Freeze            |       |     3 |       |       |       ||     3
         Vampiric Draining |       |       |    97 |   175 |   142 ||   414
         Fulminant Prism   |       |       |    16 |    42 |    20 ||    78
         Iskenderun's Myst |       |       |       |    65 |   206 ||   271
         Plasma Beam       |       |       |       |       |    29 ||    29
  Evoke: Wand              |       |       |     2 |     1 |     1 ||     4
    Use: Potion            |       |       |     1 |       |     1 ||     2
         Scroll            |       |       |     7 |    10 |    12 ||    29
   Stab: Sleeping          |       |       |     1 |       |       ||     1
         Distracted        |       |       |       |     1 |       ||     1
 Armour: Robe              |       |     1 |    27 |     5 |       ||    33
         Steam dragon scal |       |       |       |    40 |       ||    40
         Troll leather arm |       |       |       |    20 |   145 ||   165
  Dodge: Dodged            |     7 |     6 |    95 |   206 |   305 ||   619
  Block: Buckler           |       |       |       |       |    45 ||    45
